 Dungeon Crawl Stone Soup version 0.30-a0-879-ga8ba668304 (webtiles) character file.

Game seed: 1931749418400549657

106866 Esekla the Thaumaturge (level 16, -11/111 HPs)
             Began as an Octopode Delver on Mar 12, 2023.
             Was an Initiate of Gozag.
             Mangled by a radroach (32 damage)
             ... on level 1 of the Spider Nest.
             The game lasted 04:51:25 (31069 turns).

Esekla the Thaumaturge (Octopode Delver)           Turns: 31069, Time: 04:51:25

Health: -11/111    AC: 12    Str: 15    XL:     16   Next: 45%
Magic:  51/58      EV: 34    Int: 25    God:    Gozag
Gold:   852        SH: 15    Dex: 23    Spells: 7/37 levels left

rFire   . . .      SeeInvis +    a - +3 scimitar (flame)
rCold   . . .      Faith    .    P - +2 kite shield
rNeg    + + .      Spirit   .    (helmet restricted)
rPois   +          Reflect  .    H - amulet "Pynuci" {RegenMP Regen+ Str+3}
rElec   +          Rampage  .    K - ring of Goawass {MP+9 EV+8}
rCorr   +                        S - +7 ring of protection
Will    ++...                    O - ring "Hefihaz" {rCorr EV+5 Int+3 Dex+6}
Stlth   ++                       y - ring of wizardry
HPRegen 1.18/turn                F - ring "Cuvaadd" {rElec rPois rN++ MP+9 Stlth-}
MPRegen 0.76/turn                Z - ring of the Bespelling Coward {AC+4 Int+3 Dex+3 SInv}
                                 L - ring "Weitwib" {Fly Will+ MP+9}
                                 (no ring)

@: wereblooded, gold aura, freezing walls, flying, contaminated, glowing
A: almost no armour, amphibious, 8 rings, camouflage 1, gelatinous body 1,
(nimble swimmer 1), tentacles
a: Renounce Religion, Potion Petition, Call Merchant, Bribe Branch


You were on level 1 of the Spider Nest.
You worshipped Gozag.
Gozag was pleased with you.
You visited 5 branches of the dungeon, and saw 24 of its levels.
You visited 1 bazaar.
You also visited: Ossuary, Bailey and Gauntlet.

You collected 8468 gold pieces.
You spent 5722 gold pieces at shops.
You paid 1894 gold pieces to Gozag.

Inventory:

Hand Weapons
 a - a +3 scimitar of flaming (weapon)
 r - a +2 trident of freezing
 s - a +1 dagger of protection
 w - a +1 falchion of holy wrath
 W - a +2 dagger of holy wrath
Missiles
 c - 34 poisoned darts (quivered)
 l - 21 boomerangs
 z - 5 curare-tipped darts
 C - 8 silver boomerangs
 X - 10 javelins
Armour
 P - a +2 kite shield (worn)
Jewellery
 y - a ring of wizardry (on tentacle)
 F - the ring "Cuvaadd" (on tentacle) {rElec rPois rN++ MP+9 Stlth-}
   (You found it in a Gauntlet)

   [ring of magical power]

   rElec:     It insulates you from electricity.
   rPois:     It protects you from poison.
   rN:        It greatly protects you from negative energy.
   MP:        It affects your magic capacity (+9).
   Stlth:     It makes you less stealthy.
 H - the amulet "Pynuci" (around mantle) {RegenMP Regen+ Str+3}
   (You bought it in a shop on level 11 of the Dungeon)

   [amulet of magic regeneration]

   It increases your rate of magic regeneration.
   Str:       It affects your strength (+3).
   Regen:     It increases your rate of health regeneration.
 K - the ring of Goawass (left tentacle) {MP+9 EV+8}
   (You bought it in a shop on level 5 of the Dungeon)

   [ring of evasion]

   EV:        It affects your evasion (+8).
   MP:        It affects your magic capacity (+9).
 L - the ring "Weitwib" (on tentacle) {Fly Will+ MP+9}
   (You bought it in a shop on level 11 of the Dungeon)

   [ring of magical power]

   MP:        It affects your magic capacity (+9).
   Fly:       It grants you flight.
   Will:      It increases your willpower.
 O - the ring "Hefihaz" (on tentacle) {rCorr EV+5 Int+3 Dex+6}
   (You bought it in a shop on level 5 of the Dungeon)

   [ring of evasion]

   EV:        It affects your evasion (+5).
   Int:       It affects your intelligence (+3).
   Dex:       It affects your dexterity (+6).
   rCorr:     It protects you from acid and corrosion.
 S - a +7 ring of protection (right tentacle)
 Y - the amulet of Natz {Spirit rElec rPois Int+6}
   (You found it on level 12 of the Dungeon)

   [amulet of guardian spirit]

   It causes incoming damage to be divided between your reserves of health and
   magic.
   Int:       It affects your intelligence (+6).
   rElec:     It insulates you from electricity.
   rPois:     It protects you from poison.
 Z - the ring of the Bespelling Coward (on tentacle) {AC+4 Int+3 Dex+3 SInv}
   (You found it in a Gauntlet)

   [ring of protection]

   AC:        It affects your AC (+4).
   Int:       It affects your intelligence (+3).
   Dex:       It affects your dexterity (+3).
   SInv:      It lets you see invisible.
Wands
 f - a wand of digging (15)
 A - a wand of light (5)
 N - a wand of iceblast (1)
 R - a wand of flame (31)
Scrolls
 b - 6 scrolls of fog
 h - 7 scrolls of enchant armour
 o - 2 scrolls of poison
 p - 10 scrolls of teleportation
 v - 5 scrolls of enchant weapon
 x - 3 scrolls of blinking
 B - 3 scrolls of silence
 D - 2 scrolls of amnesia
 G - 2 scrolls of brand weapon
Potions
 d - 4 potions of cancellation
 e - a potion of lignification
 g - 4 potions of attraction
 i - 4 potions of brilliance
 j - a potion of resistance
 k - 4 potions of ambrosia
 m - 2 potions of might
 n - 8 potions of curing
 q - 2 potions of haste
 t - 11 potions of mutation
 u - 3 potions of magic
 E - 4 potions of heal wounds
 I - 2 potions of invisibility
Miscellaneous
 T - a lightning rod (4/4)


   Skills:
 * Level 10.9 Fighting
 + Level 6.7(9.5) Short Blades
 + Level 10.6(11.4) Long Blades
 + Level 0.8 Polearms
 - Level 5.5 Throwing
 * Level 11.1 Dodging
 - Level 11.0 Stealth
 * Level 9.1 Shields
 * Level 11.3 Spellcasting
 + Level 6.1 Conjurations
 * Level 3.7 Necromancy
 + Level 3.7 Translocations
 + Level 6.1 Transmutations
 * Level 1.6 Fire Magic
 + Level 7.8 Ice Magic
 * Level 3.6 Air Magic
 * Level 3.8 Poison Magic
 + Level 1.5 Evocations


You had 7 spell levels left.
You knew the following spells:

 Your Spells              Type           Power      Damage    Failure   Level
b - Blink                 Tloc           64%        N/A       1%          2
c - Mephitic Cloud        Conj/Pois/Air  36%        N/A       1%          3
d - Vampiric Draining     Necr           32%        2d8       2%          3
i - Irradiate             Conj/Tmut      22%        3d19      9%          5
k - Airstrike             Air            16%        2d(3-19)  9%          4
r - Frozen Ramparts       Ice            100%       1d16      1%          3
w - Wereblood             Tmut           44%        N/A       1%          2
x - Olgreb's Toxic Radia  Pois           33%        N/A       9%          4
y - Sticky Flame          Conj/Fire      33%        2d5       9%          4

Your spell library contained the following spells:

 Spells                   Type           Power      Damage    Failure   Level
 Beastly Appendage        Tmut           88%        N/A       1%          1
 Freeze                   Ice            100%       1d10      1%          1
 Ensorcelled Hibernation  Hex/Ice        66%        N/A       1%          2
 Lesser Beckoning         Tloc           64%        N/A       1%          2
 Passwall                 Tmut/Erth      24%        N/A       1%          2
 Hailstorm                Conj/Ice       49%        3d11      1%          3
 Spider Form              Tmut/Pois      38%        N/A       1%          3
 Gell's Gravitas          Tloc           32%        N/A       2%          3
 Swiftness                Air            32%        N/A       2%          3
 Teleport Other           Tloc           32%        N/A       2%          3
 Kindle Blastsparks       Fire/Tloc/Air  58%        2d14      3%          3
 Sandblast                Erth           28%        2d8       4%          1
 Slow                     Hex            56%        N/A       4%          1
 Inner Flame              Hex/Fire       18%        N/A       9%          3
 Flame Wave               Conj/Fire      33%        2d10      9%          4
 Manifold Assault         Tloc           32%        N/A       9%          4
 Blade Hands              Tmut           22%        N/A       9%          5
 Confusing Touch          Hex            14%        N/A       12%         3
 Lightning Bolt           Conj/Air       19%        1d33      16%         5
 Anguish                  Hex/Necr       11%        N/A       19%         4
 Summon Lightning Spire   Summ/Air       23%        N/A       19%         4
 Yara's Violent Unravell  Hex/Tmut       14%        3d7       32%         5
 Cause Fear               Hex            7%         N/A       38%         4
 Ozocubu's Refrigeration  Ice            26%        4d13      77%         7
 Dragon Form              Tmut           22%        N/A       93%         7
 Storm Form               Tmut/Air       19%        N/A       98%         7
 Enfeeble                 Hex            7%         N/A       100%        7
 Haunt                    Necr/Summ      11%        N/A       100%        7
 Infestation              Necr           16%        N/A       100%        8
 Dragon's Call            Summ           7%         N/A       100%        9
 Animate Dead             Necr           Unusable   N/A       N/A         4
 Animate Armour           Summ/Erth      Unusable   N/A       N/A         4

Dungeon Overview and Level Annotations

Branches:
Dungeon (15/15)            Temple (1/1) D:6            Lair (5/5) D:11
 Shoals (0/4) Lair:2       Spider (1/4) Lair:2        Slime (0/5) Lair:5
    Orc (2/2) D:9             Elf (0/3) Orc:2        Vaults (0/5) D:13
 Depths (0/4) D:15        Ossuary (visited)          Bailey (visited)
Gauntlet (visited)

Altars:
Ashenzari
Cheibriados
Dithmenos
Elyvilon
Fedhas
Gozag
Hepliaklqana
Kikubaaqudgha
Makhleb
Nemelex Xobeh
Okawaru
Qazlal
Ru
Sif Muna
Trog
Uskayaw
Vehumet
Wu Jian
Xom
Yredelemnul
Zin
The Shining One

Shops:
D:5 =   D:7 *   D:8 [   D:9 (   D:11 ((=   D:14 ?   Orc:2 ((*:[

Portals:
Trove: D:13 (give 17 scrolls of teleportation)

Annotations:
D:14 3 runed translucent doors, Qesae's ghost, journeyman FeSu; viagra's ghost, journeyman BaFi
Lair:1 Gastronok
Lair:3 exclusion: oklob plant


Innate Abilities, Weirdness & Mutations

You cannot wear most types of armour.
You are amphibious.
You can wear up to eight rings at the same time.
Your skin changes colour to match your surroundings (Stealth+).
Your rubbery body absorbs attacks. (AC +1, EV +1)
((You are camouflaged when in or above water. (Stealth+)))
You have tentacles for arms and can constrict up to eight enemies at once.


Message History

Casting: Frozen Ramparts (safe; 1% risk of failure)
Confirm with . or Enter, or press ? or * to list all spells.
You erupt in a fountain of uncontrolled magic!
The culicivora is blasted with magical radiation!
The culicivora is almost dead.
The culicivora twists and deforms.
The radroach is blasted with magical radiation.
The radroach is heavily wounded.
The wolf spider is blasted with magical radiation!!!
You kill the wolf spider!
You are very lightly contaminated with residual magic.
You constrict the radroach, but do no damage.
The wall freezes the culicivora!
You kill the culicivora!
The wall freezes the radroach!
The radroach erupts in a fountain of uncontrolled magic!
You are blasted with magical radiation!!
You are lightly contaminated with residual magic.
You hit the radroach but do no damage.
You squeeze the radroach, but do no damage.
The radroach is heavily wounded.
You constrict the radroach.
The wall freezes the radroach!
The radroach erupts in a fountain of uncontrolled magic!
You are blasted with magical radiation!!
You are contaminated with residual magic.
You hit the radroach but do no damage. You squeeze the radroach.
The radroach is almost dead.
You constrict the radroach!
The wall freezes the radroach but does no damage.
The radroach erupts in a fountain of uncontrolled magic!
You are blasted with magical radiation!!!
* * * LOW HITPOINT WARNING * * *
You hit the radroach but do no damage.
The radroach is almost dead.
You constrict the radroach.
The wall freezes the radroach but does no damage.
The radroach erupts in a fountain of uncontrolled magic!
You are blasted with magical radiation!!
You die...
Your body crumbles into a pile of gold.

#.....#^......##...#..
#[...(#...
......#....#.......##
##?..###.#
...####.#.##........##
#####.#.# #...#
####....#......
##.##.... #(.##
#.###....######..^#####
..###
####.................^.
....#
##...................
...##
#)...#.#..###########
#...... ###.@######
....^... #.$B$..#
......## ##....^#
#..##..# ..^..## #...
### .##.... .... ..
...^.# >. ...[## ^^.
..#.#


You could see a radroach (very poisoned).

Vanquished Creatures
  Kirke (Lair:4)
  An emperor scorpion (Spider:1)
  Aizul (Spider:1)
  An orc warlord (Orc:2)
  An ironbound preserver (D:13)
  A broodmother (Spider:1)
  Azrael (D:13)
  Nessos (Orc:2)
  A minotaur (Gauntlet)
  Snorg (D:13)
  A fire dragon (Lair:5)
  An entropy weaver (Spider:1)
  Josephine (D:13)
  Harold (Lair:2)
  An ogre mage (D:13)
  7 hydras
  A catoblepas (Lair:5)
  7 centaur warriors
  Erolcha (D:13)
  9 two-headed ogres
  4 boulder beetles
  A tengu warrior (D:15)
  Urug (Lair:5)
  An orc high priest (Orc:2)
  4 death yaks (Lair:5)
  3 skeletal warriors (D:14)
  Nergalle (Lair:1)
  A skyshark (Lair:2)
  2 pharaoh ants (Spider:1)
  A swamp dragon (Lair:5)
  3 lindwurms (Lair:5)
  2 orb spiders
  2 deep elf pyromancers
  A wizard (D:15)
  A necromancer (D:15)
  4 orc knights
  A deep elf zephyrmancer (D:15)
  6 orc sorcerers
  3 cyclopes
  3 manticores
  5 ugly things
  2 moths of wrath (Spider:1)
  3 wolf spiders (Spider:1)
  Joseph (D:8)
  Maurice (D:13)
  8 black mambas
  5 elephants (Lair:5)
  4 torpor snails
  A smoke demon (Gauntlet)
  2 centaur skeletons (D:15)
  2 gargoyles
  A demonic crawler (Spider:1)
  9 cane toads
  2 kobold demonologists
  7 rime drakes
  Psyche (D:8)
  Maggie (D:7)
  A yaktaur (D:15)
  5 komodo dragons
  A tengu conjurer (D:15)
  A hornet (Lair:3)
  8 trolls
  5 polar bears
  2 raiju (Gauntlet)
  3 meliai (D:14)
  19 blink frogs
  4 tarantellas (Spider:1)
  A snapping turtle (Lair:2)
  12 dream sheep
  5 slime creatures
  A meliai zombie (D:15)
  A centaur simulacrum (D:15)
  2 jumping spiders (Spider:1)
  4 wyverns
  3 culicivoras (Spider:1)
  2 hogs (Lair:4)
  9 wraiths
  4 fire elementals (D:13)
  55 yaks
  9 basilisks
  A chaos spawn (Gauntlet)
  A neqoxec (Gauntlet)
  6 redbacks (Spider:1)
  2 steam dragons (D:8)
  4 vampire mosquitoes
  Menkaure (D:5)
  5 acid dragons
  2 wargs
  17 water moccasins
  4 hell hounds (D:13)
  4 swamp drakes (Lair:5)
  2 sky beasts
  40 orc warriors
  A black bear (D:4)
  2 ice beasts (D:7)
  4 ogres
  14 wolves
  18 centaurs
  3 kobold brigands
  A phantom (D:6)
  Blork the orc (Orc:2)
  13 bullfrogs
  A scorpion (D:4)
  3 gnoll sergeants
  A hornet simulacrum (D:15)
  A wight (D:8)
  15 killer bees
  A vampire bat (Lair:1)
  5 howler monkeys
  3 crimson imps
  2 human zombies (Ossuary)
  20 orc priests
  7 jellies
  3 centaur zombies (Ossuary)
  2 gnoll boudas
  3 hounds
  Ijyb (D:3)
  5 iguanas
  29 orc wizards
  A lightning spire (Gauntlet)
  6 mummies (Ossuary)
  22 gnolls
  5 adders
  A white imp (D:6)
  3 ufetubi
  2 worms
  3 dart slugs
  95 orcs
  11 endoplasms
  14 goblins
  16 hobgoblins
  3 quokkas
  3 training dummies (D:11)
  5 ball pythons
  14 bats
  4 frilled lizards
  16 kobolds
  3 orc zombies (Ossuary)
  7 rats
779 creatures vanquished.

Vanquished Creatures (others)
  A yak (Lair:4)
  5 humans (Lair:4)
  A vampire mosquito (D:13)
  A bush (Lair:5)
  32 fungi
  41 plants
  6 withered plants (D:14)
87 creatures vanquished.

Grand Total: 866 creatures vanquished

Notes
Turn   | Place    | Note
-------+----------+-------------------------------------------
     0 | D:5      | Esekla the Octopode Delver began the quest for the Orb.
     0 | D:5      | Reached XP level 1. HP: 16/16 MP: 1/1
    14 | D:5      | Found Wosicana's One-of-a-Kind Rings.
    22 | D:5      | Noticed Menkaure
    46 | D:5      | Noticed an ogre
    69 | D:5      | Noticed an iguana
    84 | D:5      | Noticed a centaur
   139 | D:5      | Noticed an iguana
   176 | D:4      | Noticed a scorpion
   197 | D:4      | Reached XP level 2. HP: 21/21 MP: 2/2
   322 | D:4      | Noticed a black bear
   423 | D:4      | Reached XP level 3. HP: 26/26 MP: 3/3
   465 | D:4      | Killed a scorpion
   466 | D:4      | Reached XP level 4. HP: 24/31 MP: 3/5
   953 | D:5      | Reached XP level 5. HP: 36/36 MP: 6/6
  1092 | D:5      | Killed Menkaure
  1093 | D:5      | Reached skill level 1 in Spellcasting
  1093 | D:5      | Reached XP level 6. HP: 43/43 MP: 6/8
  1194 | D:6      | Found a sand-covered staircase.
  1273 | D:6      | Noticed a sky beast
  1315 | D:6      | Killed a sky beast
  1316 | D:6      | Reached XP level 7. HP: 47/47 MP: 9/9
  1511 | Ossuary  | Entered an ossuary
  1630 | Ossuary  | Reached skill level 1 in Short Blades
  1630 | Ossuary  | Reached skill level 10 in Stealth
  1754 | D:7      | Found a stormy altar of Qazlal.
  1756 | D:7      | Noticed a water elemental
  1757 | D:7      | Noticed an air elemental
  1757 | D:7      | Noticed a fire elemental
  1773 | D:7      | Found a sacrificial altar of Ru.
  1973 | D:7      | Noticed Maggie
  1981 | D:7      | Found a flagged portal.
  1990 | Bailey   | Entered a bailey
  2114 | Bailey   | Reached XP level 8. HP: 54/54 MP: 11/11
  2685 | Bailey   | Reached skill level 5 in Fighting
  2696 | Bailey   | Reached skill level 5 in Dodging
  2696 | Bailey   | Reached XP level 9. HP: 39/61 MP: 14/14
  2801 | Bailey   | Reached skill level 5 in Long Blades
  2977 | Bailey   | Identified the ring of the Jester {rN+ Will+++ Str+6 Dex-3
                  | Stlth+}
  2977 | Bailey   | Noticed an orc warlord
  3284 | Bailey   | Reached skill level 1 in Throwing
  3510 | D:7      | Noticed a two-headed ogre
  3940 | D:6      | Learned a level 3 spell: Frozen Ramparts
  3996 | D:6      | Found a staircase to the Ecumenical Temple.
  4003 | Temple   | Entered the Ecumenical Temple
  4047 | Temple   | Became a worshipper of Gozag Ym Sagoz the Greedy
  4417 | D:3      | Noticed Ijyb
  6140 | D:3      | Killed Ijyb
  6888 | D:5      | Reached skill level 1 in Ice Magic
  6891 | D:5      | Identified the +9 hand axe of Doom {antimagic, +Blink rF-
                  | rN+ Stlth+}
  7287 | D:6      | Reached XP level 10. HP: 68/68 MP: 16/16
  7846 | D:7      | Found Eneoh's Assorted Antiques.
  7854 | D:7      | Bought a jade ring for 115 gold pieces
  7854 | D:7      | Bought a scroll labelled XEMAOXZ CI ZEXI for 23 gold pieces
  8261 | D:7      | Killed Maggie
  8984 | D:8      | Reached skill level 1 in Shields
  9159 | D:8      | Found a shadowy altar of Dithmenos.
  9512 | D:8      | Noticed Psyche
  9523 | D:8      | Killed Psyche
  9728 | D:8      | Found Zezaum's Armour Shoppe.
  9749 | D:8      | Noticed Joseph
  9756 | D:8      | Killed Joseph
  9786 | D:9      | Learned a level 2 spell: Blink
 10348 | D:5      | Bought a +7 ring of protection for 1242 gold pieces
 10548 | D:9      | Noticed a two-headed ogre
 10672 | D:8      | Reached skill level 5 in Spellcasting
 10672 | D:8      | Reached skill level 1 in Translocations
 10805 | D:9      | Reached XP level 11. HP: 65/75 MP: 13/18
 11440 | D:9      | Killed a two-headed ogre
 11462 | D:9      | Found Eniodirr's Weapon Shoppe.
 11466 | D:9      | Found a staircase to the Orcish Mines.
 11669 | D:9      | Identified the +2 pair of boots of Idealism {rF+ Will+
                  | Str+3 Dex+3}
 11773 | D:9      | Noticed a two-headed ogre
 11784 | D:9      | Killed a two-headed ogre
 12021 | D:10     | Entered Level 10 of the Dungeon
 12202 | D:10     | Identified the +2 robe of the Amorous God {Str+4}
 12775 | D:10     | Found a radiant altar of Vehumet.
 12834 | D:10     | Noticed a two-headed ogre
 12849 | D:10     | Killed a two-headed ogre
 13007 | D:10     | Found a hazy altar of Hepliaklqana.
 13036 | D:10     | Found a glowing golden altar of the Shining One.
 13037 | D:10     | Found a shimmering blue altar of Sif Muna.
 13039 | D:10     | Found a shimmering altar of Xom.
 13040 | D:10     | Found a blossoming altar of Fedhas.
 13305 | D:5      | Bought the ring "Hefihaz" {rCorr EV+5 Int+3 Dex+6} for 810
                  | gold pieces
 13532 | D:11     | Found Aboraph's Firing Range.
 13945 | D:11     | Reached skill level 5 in Short Blades
 13951 | D:11     | Reached XP level 12. HP: 81/81 MP: 13/22
 14381 | D:11     | Reached skill level 5 in Ice Magic
 14627 | D:11     | Found a staircase to the Lair.
 15422 | D:12     | Identified the amulet of Natz {Spirit rElec rPois Int+6}
 16079 | D:13     | Noticed Erolcha
 16079 | D:13     | Noticed a boulder beetle
 16080 | D:13     | Noticed Azrael
 16085 | D:13     | Noticed a two-headed ogre
 16094 | D:12     | Reached skill level 5 in Shields
 16113 | D:13     | Noticed Snorg
 16167 | D:13     | Noticed Josephine
 16174 | D:13     | Killed Josephine
 16422 | Lair:1   | Entered Level 1 of the Lair of Beasts
 16602 | Lair:1   | Found a gate leading to a gauntlet.
 16707 | Lair:1   | Noticed Nergalle
 16720 | Lair:1   | Killed Nergalle
 16754 | Gauntlet | Entered a Gauntlet
 16754 | Gauntlet | Found a transporter.
 16754 | Gauntlet | Found a transporter.
 16760 | Gauntlet | Found a transporter.
 16762 | Gauntlet | Found a transporter.
 16797 | Gauntlet | Found a transporter.
 16797 | Gauntlet | Found a transporter.
 16812 | Gauntlet | Found a transporter.
 16817 | Gauntlet | Found a large runed translucent door.
 16817 | Gauntlet | Found a large runed translucent door.
 16845 | Gauntlet | Found a large runed translucent door.
 16846 | Gauntlet | Found a large runed translucent door.
 16846 | Gauntlet | Found a large runed translucent door.
 16846 | Gauntlet | Found a large runed translucent door.
 16847 | Gauntlet | Found a large runed translucent door.
 16847 | Gauntlet | Found a large runed translucent door.
 16847 | Gauntlet | Found a large runed translucent door.
 16848 | Gauntlet | Found a runed translucent door.
 16848 | Gauntlet | Found a runed translucent gate.
 16849 | Gauntlet | Found a runed translucent gate.
 16850 | Gauntlet | Found a transporter.
 16853 | Gauntlet | Found a transporter.
 16853 | Gauntlet | Found a transporter.
 16856 | Gauntlet | Found a runed translucent gate.
 16856 | Gauntlet | Found a runed translucent door.
 16867 | Gauntlet | Found a transporter.
 16883 | Gauntlet | Found a transporter.
 16893 | Gauntlet | Found a transporter.
 16898 | Gauntlet | Found a transporter.
 16898 | Gauntlet | Noticed a blizzard demon
 16932 | Gauntlet | Found a large runed translucent door.
 16933 | Gauntlet | Found a large runed translucent door.
 16934 | Gauntlet | Found a large runed translucent door.
 16934 | Gauntlet | Found a large runed translucent door.
 16934 | Gauntlet | Found a large runed translucent door.
 16934 | Gauntlet | Found a large runed translucent door.
 16935 | Gauntlet | Found a large runed translucent door.
 17082 | Gauntlet | Identified the ring "Cuvaadd" {rElec rPois rN++ MP+9
                  | Stlth-}
 17172 | Gauntlet | Identified the ring of the Bespelling Coward {AC+4 Int+3
                  | Dex+3 SInv}
 17191 | Gauntlet | Learned a level 2 spell: Wereblood
 17227 | Gauntlet | Noticed a minotaur
 17242 | Gauntlet | Killed a minotaur
 17243 | Gauntlet | Reached XP level 13. HP: 52/89 MP: 21/25
 17290 | Gauntlet | Got the Book of Shifting Glaciation
 17297 | Gauntlet | Learned a level 5 spell: Irradiate
 17482 | Lair:1   | Noticed Gastronok
 17514 | Lair:1   | Reached skill level 1 in Conjurations
 17915 | D:5      | Bought the ring of Goawass {MP+9 EV+8} for 1232 gold pieces
 18366 | Lair:2   | Found a staircase to the Shoals.
 18527 | Lair:2   | Reached skill level 1 in Transmutations
 18678 | Lair:2   | Noticed Harold
 18872 | Lair:2   | Killed Harold
 18954 | Lair:2   | Found a hole to the Spider Nest.
 20638 | Lair:4   | Noticed Kirke
 20653 | Lair:4   | Killed Kirke
 21405 | Lair:5   | Entered Level 5 of the Lair of Beasts
 21418 | Lair:5   | Reached XP level 14. HP: 89/97 MP: 27/27
 21429 | Lair:5   | Reached skill level 5 in Throwing
 21593 | Lair:5   | Reached skill level 10 in Long Blades
 21652 | Lair:5   | Reached skill level 10 in Dodging
 22028 | Lair:5   | Found a staircase to the Slime Pits.
 22178 | Lair:5   | Noticed Urug
 22183 | Lair:5   | Killed Urug
 22501 | Lair:5   | Reached skill level 10 in Spellcasting
 23334 | Lair:5   | Reached XP level 15. HP: 72/103 MP: 29/29
 23379 | Lair:5   | Identified the ring of Sif Muna, Shrinking {rF+ rN++ Str+2
                  | Slay-3}
 24314 | Orc:1    | Entered Level 1 of the Orcish Mines
 24336 | Orc:1    | Reached skill level 5 in Transmutations
 24340 | Orc:1    | Reached skill level 5 in Conjurations
 24350 | Orc:1    | Reached skill level 10 in Fighting
 24994 | D:11     | Bought the ring "Weitwib" {Fly Will+ MP+9} for 589 gold
                  | pieces
 25116 | D:7      | Bought a scroll of identify for 46 gold pieces
 25226 | Orc:2    | Entered Level 2 of the Orcish Mines
 25226 | Orc:2    | Found Bidwus Qorph's Antique Weapon Boutique.
 25393 | Orc:2    | Noticed Nessos
 25415 | Orc:2    | Killed Nessos
 25513 | Orc:2    | Noticed an orc warlord
 25546 | Orc:2    | Killed an orc warlord
 25723 | Orc:2    | Noticed Blork the orc
 25757 | Orc:2    | Reached skill level 1 in Evocations
 25891 | Orc:2    | Killed Blork the orc
 26007 | Orc:2    | Found Osishuo's General Store.
 26046 | Orc:2    | Found Moede's Antique Armour Shoppe.
 26074 | Orc:2    | Found Koschoam's Book Shoppe.
 26083 | Orc:2    | Found Xeim's Antique Weapon Shoppe.
 26138 | Orc:2    | Bought Xaeth's Volume of Crystalline Nephomancy for 450
                  | gold pieces
 26142 | Orc:2    | Learned a level 3 spell: Mephitic Cloud
 26243 | Orc:2    | Found a staircase to the Elven Halls.
 26377 | Orc:2    | Acquired Practical Acroamatic Knowledge
 26384 | Orc:2    | Learned a level 4 spell: Olgreb's Toxic Radiance
 26389 | Orc:2    | Learned a level 4 spell: Airstrike
 26432 | Orc:2    | Bought a book of Debilitation for 300 gold pieces
 26436 | Orc:2    | Learned a level 3 spell: Vampiric Draining
 26819 | D:13     | Reached skill level 1 in Poison Magic
 26823 | D:13     | Killed Erolcha
 26826 | D:13     | Killed Azrael
 26832 | D:13     | Reached skill level 1 in Air Magic
 26843 | D:13     | Killed Snorg
 27053 | D:13     | Reached skill level 1 in Necromancy
 27484 | D:13     | Found a gate to the Vaults.
 27558 | D:13     | Found a portal to a secret trove of treasure.
 27558 | D:13     | Noticed Maurice
 27828 | D:14     | Found an ancient bone altar of Kikubaaqudgha.
 27860 | D:14     | Found a runed translucent gate.
 27861 | D:14     | Found a runed translucent gate.
 27862 | D:14     | Found a runed translucent gate.
 27863 | D:14     | Noticed viagra's ghost (journeyman BaFi)
 27864 | D:14     | Noticed Qesae's ghost (journeyman FeSu)
 27969 | D:13     | Killed Maurice
 28704 | D:14     | Found Siboxar's Magic Scroll Boutique.
 28983 | D:15     | Entered Level 15 of the Dungeon
 29031 | D:15     | Reached XP level 16. HP: 110/110 MP: 31/31
 29919 | D:15     | Identified the +0 scale mail "Rympiruvva" {Rampage Regen+
                  | Dex+3}
 30009 | D:15     | Found a gateway to a bazaar.
 30023 | Bazaar   | Entered a bazaar
 30023 | Bazaar   | Found Irebesk's General Store.
 30023 | Bazaar   | Found Valuha Muimm's General Store.
 30027 | Bazaar   | Found Jaumau's Jewellery Shoppe.
 30031 | Bazaar   | Bought a scroll of teleportation for 24 gold pieces
 30041 | Bazaar   | Found Hex Toff's Distillery.
 30045 | Bazaar   | Bought a scroll of teleportation for 27 gold pieces
 30068 | Bazaar   | Bought a potion of mutation for 128 gold pieces
 30302 | D:15     | Found a staircase to the Depths.
 30435 | D:11     | Bought the amulet "Pynuci" {RegenMP Regen+ Str+3} for 736
                  | gold pieces
 30585 | Spider:1 | Entered Level 1 of the Spider Nest
 30604 | Lair:2   | Learned a level 4 spell: Sticky Flame
 30616 | Spider:1 | Noticed Aizul
 30642 | Spider:1 | Killed Aizul
 30698 | Spider:1 | Reached skill level 1 in Fire Magic
 31069 | Spider:1 | Mangled by a radroach

Illustrated notes

Levels and vault maps discovered:
D:1:      dpeg_arrival_short_road, layout_loops_ring
D:2:      layout_loops_ring
D:3:      layout_rooms, uniq_ijyb
D:4:      layout_gridville
D:5:      layout_basic, nicolae_shop_unique_rings, uniq_menkaure
D:6:      layout_rooms, minmay_temple_entry_statues_pillars, enter_ossuary_3,
          minmay_fire_ice_demons
D:7:      hangedman_cross_stitches, layout_basic,
          nicolae_ru_great_annihilating_truth, nicolae_qazlal_style_of_elements,
          enter_bailey_2, serial_shops, nicolae_lakefront_shop, uniq_maggie
D:8:      kennysheep_spiral_hall, layout_loops_cross,
          nicolae_overflow_crystal_walls, serial_shops, nicolae_shop_waterfront,
          uniq_joseph, uniq_psyche
D:9:      layout_basic, orc_david_3, serial_glass, glass_columns_c,
          glass_columns_a, minmay_misc_feat_nine_boxes
D:10:     nicolae_hitomezashi [nicolae_hito_row, nicolae_hito_row,
          nicolae_hito_row, nicolae_hito_row, nicolae_hito_row,
          nicolae_hito_row, nicolae_hito_row, nicolae_hito_row,
          nicolae_hito_row, nicolae_hito_row, nicolae_hito_row,
          nicolae_hito_row, nicolae_hito_row, nicolae_hito_row,
          nicolae_hito_row, nicolae_hito_row, nicolae_hito_row,
          nicolae_hito_row], layout_rooms, grunt_temple_overflow_open,
          kennysheep_mini_moat, special_room [special_room_orc]
D:11:     layout_loops_ring, erik_lair_dragon, nicolae_shop_firing_range
D:12:     layout_big_octagon, serial_co_window_serial,
          co_window_of_opportunity_a, co_window_paths_a, co_window_paths_a,
          co_window_paths_a, co_window_paths_b, co_window_broadway_a,
          co_window_2corner, co_window_2corner, glass_columns_b
D:13:     layout_loops_ring, skrybe_vaults_entry_preservation,
          nicolae_trove_entry_isolated, uniq_josephine, uniq_azrael,
          uniq_maurice, uniq_erolcha, uniq_snorg
D:14:     layout_roguey, gammafunk_ghost_cemetery, serial_shops, shop,
          drop_trap, nicolae_kikubaaqudgha_miasma_corner
D:15:     grunt_enter_depths_magical_seal, layout_loops_ring, serial_shops,
          bzr_entry_road
Temple:   nicolae_temple_god_jail
Lair:1:   layout_loops_ring, gauntlet_entry_generic, roderic_batcave,
          bh_autumn_forest_stairs, grunt_forest_small_clearings, minmay_holes,
          small_statue_intersection, st_stairs_8, uniq_gastronok, uniq_nergalle
Lair:2:   layout_cave_pods, minmay_shoals_entry_hut,
          nicolae_spider_entry_orb_guardian, minmay_stone_trees_small,
          cheibrodos_lair_reptile_den, grunt_megastairs_5, uniq_harold
Lair:3:   layout_regular_city, infiniplex_staircase_pool_2
Lair:4:   layout_regular_city, minivault_19, uniq_kirke
Lair:5:   guppyfry_lair_end_dragon, layout_regular_city,
          hangedman_lair_in_review, nicolae_slime_entry_field_trip,
          grunt_megastairs_2, uniq_urug
Spider:1: layout_spider_delve, ebering_ghost_rock_garden,
          nicolae_spider_bug_shape, uniq_aizul, uniq_agnes
Orc:1:    layout_caves
Orc:2:    grunt_orc_cross, layout_caves, serial_shops, shop, basic_altar,
          uniq_nessos

Skill      XL: |  1  2  3  4  5  6  7  8  9 10 11 12 13 14 15 16 |
---------------+-------------------------------------------------+-----
Stealth        | 7 8 9 10 11 | 11.0
Dodging        | 3 4 5 6 7 8 9 10 11 | 11.1
Spellcasting   | 1 2 3 4 5 6 8 9 10 11 | 11.3
Long Blades    | 3 4 6 7 8 9 10 | 10.6
Fighting       | 4 5 6 7 8 9 10 | 10.9
Short Blades   | 1 2 3 4 5 6 |  6.7
Throwing       | 1 3 4 5 |  5.5
Ice Magic      | 1 3 4 5 6 7 |  7.8
Shields        | 2 3 5 6 7 8 9 |  9.1
Translocations | 1 3 |  3.7
Conjurations   | 3 4 5 6 |  6.1
Transmutations | 2 4 5 6 |  6.1
Evocations     | 1 |  1.5
Poison Magic   | 3 |  3.8
Air Magic      | 2 3 |  3.6
Necromancy     | 2 3 |  3.7
Fire Magic     | 1 |  1.6
Polearms       | |  0.8

Action                     |  1- 3 |  4- 6 |  7- 9 | 10-12 | 13-15 | 16-18 || total
---------------------------+-------+-------+-------+-------+-------+-------++-------
  Melee: Falchion          |     2 |       |       |       |    34 |    47 ||    83
         Dagger            |     8 |    15 |   364 |   516 |   699 |    93 ||  1695
         Long sword        |     2 |     4 |     9 |       |       |       ||    15
         Tentacles         |     2 |     5 |   113 |   208 |   318 |    83 ||   729
         Constrict         |     1 |     1 |    82 |    85 |   115 |    21 ||   305
         Punch             |       |       |     8 |    15 |    16 |     9 ||    48
         Great sword       |       |       |    56 |       |       |       ||    56
         Scimitar          |       |       |       |   148 |   122 |    63 ||   333
         Trident           |       |       |       |    11 |       |       ||    11
  Throw: Boomerang         |       |       |    18 |    29 |   100 |     3 ||   150
         Dart              |       |       |     4 |    84 |    97 |     5 ||   190
         Javelin           |       |       |       |       |     5 |       ||     5
   Cast: Frozen Ramparts   |       |       |       |    76 |    97 |    11 ||   184
         Blink             |       |       |       |     2 |     2 |       ||     4
         Wereblood         |       |       |       |       |    32 |     7 ||    39
         Irradiate         |       |       |       |       |     8 |     1 ||     9
         Mephitic Cloud    |       |       |       |       |    14 |    10 ||    24
         Olgreb's Toxic Ra |       |       |       |       |     2 |     7 ||     9
         Airstrike         |       |       |       |       |       |     2 ||     2
 Invoke: Call Merchant     |       |       |       |       |     2 |       ||     2
  Evoke: Wand              |       |       |     1 |     8 |    16 |       ||    25
         Lightning rod     |       |       |       |     2 |     7 |       ||     9
    Use: Scroll            |     1 |       |    12 |    10 |     6 |       ||    29
         Potion            |       |       |     6 |    11 |       |     3 ||    20
   Stab: Sleeping          |     8 |     4 |    47 |    30 |    23 |     6 ||   118
         Invisible         |       |       |     4 |     2 |     5 |       ||    11
         Distracted        |       |       |     2 |     2 |     6 |     1 ||    11
         Fleeing           |       |       |     1 |       |       |       ||     1
         Confused          |       |       |       |       |    17 |     8 ||    25
 Armour: Skin              |       |       |    66 |    83 |    67 |    24 ||   240
  Dodge: Dodged            |     3 |    11 |   203 |   422 |   644 |   222 ||  1505
  Block: Buckler           |       |       |       |    68 |   121 |       ||   189
         Kite shield       |       |       |       |       |   206 |   170 ||   376

Table legend: (Time is in decaauts)
 A = Elapsed time spent in this place.
 B = Non-inter-level travel time spent in this place.
 C = Inter-level travel time spent in this place.
 D = Time resting spent in this place.
 E = Time spent auto-exploring this place.
 F = Levels seen in this place.
 G = Mean time per level.
                   A        B        C        D        E       F      G
               +--------+--------+--------+--------+--------+-----+--------+
         Total |  30521 |  27898 |   2623 |   6395 |   5746 |  28 | 1090.0 |
       Dungeon |  19473 |  17328 |   2145 |   4273 |   3964 |  15 | 1298.2 |
        Temple |     61 |     44 |     17 |      0 |     27 |   1 |   61.0 |
          Lair |   6528 |   6228 |    300 |   1106 |   1483 |   5 | 1305.6 |
   Spider Nest |    462 |    462 |      0 |      2 |     30 |   1 |  462.0 |
  Orcish Mines |   1727 |   1567 |    160 |    174 |    236 |   2 |  863.5 |
        Bazaar |     54 |     54 |      0 |      0 |      6 |   1 |   54.0 |
       Ossuary |    216 |    216 |      0 |     10 |      0 |   1 |  216.0 |
        Bailey |   1395 |   1395 |      0 |    663 |      0 |   1 | 1395.0 |
      Gauntlet |    601 |    601 |      0 |    166 |      0 |   1 |  601.0 |
               +--------+--------+--------+--------+--------+-----+--------+

Top non-repeatable levels by time:
  Lair:5: 2390 daAuts
    D:11: 2368 daAuts
     D:7: 2133 daAuts
     D:8: 1842 daAuts
     D:9: 1629 daAuts
    D:13: 1471 daAuts
  Bailey: 1395 daAuts
    D:15: 1309 daAuts
    D:10: 1281 daAuts
     D:5: 1259 daAuts
   Orc:2: 1254 daAuts
  Lair:2: 1152 daAuts
     D:4: 1146 daAuts
     D:6: 1115 daAuts
  Lair:3: 1095 daAuts
